 Dungeon Crawl Stone Soup version 0.17.0-24-gcfadda4 (webtiles) character file.

823 septik the Cudgeler (level 7, -6/44 HPs)
             Began as a Gargoyle Fighter on Nov 16, 2015.
             Was a Follower of Makhleb.
             Mangled by an ice beast (12 damage)
             ... on level 5 of the Dungeon.
             The game lasted 00:08:07 (4636 turns).

septik the Cudgeler (Gargoyle Fighter)              Turns: 4636, Time: 00:08:07

Health: -6/44      AC:  2    Str: 19    XL:     7   Next: 96%
Magic:  7/7        EV:  7    Int: 11    God:    Makhleb [*.....]
Gold:   225        SH: 10    Dex: 11    Spells: 0 memorised, 6 levels left

rFire  . . .     SeeInvis .     y - +1 flail (venom)
rCold  . . .     Clarity  .     b - +0 scale mail
rNeg   + . .     SustAt   .     c - +0 shield
rPois  ∞         Gourm    .     w - +0 helmet
rElec  +         Spirit   .     B - +0 cloak
rCorr  .         Warding  .     (no gloves)
rMut   .         Stasis   .     (no boots)
MR     .....                    (no amulet)
Stlth  ..........               (no ring)
                                (no ring)

@: corroded equipment, not resistant to hostile enchantments, extremely
unstealthy
A: hooves 1, clever 1, negative energy resistance 1, electricity resistance,
unbreathing, petrification resistance, rot immunity, AC +4
a: Renounce Religion


You were on level 5 of the Dungeon.
You worshipped Makhleb.
Makhleb was aware of your devotion.
You were hungry.

You visited 1 branch of the dungeon, and saw 5 of its levels.

You collected 225 gold pieces.

Inventory:

Hand Weapons
 a - a +0 flail
 i - a +0 hunting sling
 y - a +1 flail of venom (weapon)
Missiles
 f - 185 stones (quivered)
Armour
 b - a +0 scale mail (worn)
 c - a +0 shield (worn)
 o - a +0 robe
 w - a +0 helmet (worn)
 B - a +0 cloak (worn)
 C - a +1 scale mail of poison resistance
 D - a +0 plate armour
Jewellery
 j - a +3 ring of intelligence {unknown}
Scrolls
 g - 3 scrolls of random uselessness {unknown}
 h - 3 scrolls of blinking {unknown}
 k - 2 scrolls of remove curse
 l - 6 scrolls of identify {unknown}
 n - a scroll of teleportation
 z - a scroll of noise {unknown}
 F - a scroll of recharging {unknown}
Potions
 d - a potion of might
 m - a potion of agility {unknown}
 q - 2 potions of haste {unknown}
 r - a potion of cure mutation {unknown}
 s - a potion of resistance {unknown}
 t - 2 potions of brilliance {unknown}
 u - 2 potions of heal wounds {unknown}
 v - a potion of poison {unknown}
 x - a potion of flight {unknown}
 A - 2 potions of curing {unknown}
 E - a potion of lignification {unknown}
Comestibles
 e - 4 bread rations
 p - 2 meat rations


   Skills:
 + Level 5.4 Fighting
 * Level 5.7 Maces & Flails
 + Level 5.2 Armour
 + Level 5.2 Shields


You had 6 spell levels left.
You didn't know any spells.

Dungeon Overview and Level Annotations

Branches:
Dungeon (5/15)
 Temple: D:4-7

Altars:
Elyvilon
Makhleb
Nemelex Xobeh
Sif Muna
Vehumet
Yredelemnul

Shops:
D:4 :


Innate Abilities, Weirdness & Mutations

You are resistant to torment.
Your stone body is resilient (AC +4).
You are immune to poison.
You resist negative energy.
You are resistant to electric shocks.
You can survive without breathing.
You are immune to petrification.
You are immune to rotting.
You have large cloven feet.
Your mind is acute. (Int +2)


Message History

The jelly is lightly wounded.
The ice beast barely misses you. The jelly barely misses you.
The ice beast hits you. The ice beast freezes you!
* * * LOW HITPOINT WARNING * * *
You hit the jelly but do no damage.
The jelly is poisoned.
Your hands burn!
* * * LOW HITPOINT WARNING * * *
You kick the jelly, but do no damage.
The jelly is lightly wounded.
The jelly misses you.
The ice beast hits you but does no damage.
You block the jelly's attack.
You hit the ice beast but do no damage.
The ice beast is poisoned.
The ice beast hits you but does no damage.
The jelly barely misses you.
You hit the ice beast.
The ice beast is lightly wounded.
The ice beast hits you.
* * * LOW HITPOINT WARNING * * *
The ice beast freezes you!
You die...

.. +....+....... #.
#....##.##.....
#.###....##.#######
#.#............
...#.#.#.#######.###
....J(.!........ .#
.o.....#o####### ..
o#...#.#J# # #.#
#.#@# # #.#Y# ..#.#
....# ..#.. +.. #..
#...


You could see an ice beast, a jelly and an orc.

Vanquished Creatures
  2 sky beasts
  An ogre (D:4)
  An orc warrior (D:4)
  Blork the orc (D:4)
  A scorpion (D:5)
  An orc priest (D:4)
  2 hounds
  A worker ant (D:3)
  2 orc wizards (D:4)
  7 adders
  3 adder skeletons
  4 worms
  2 giant geckos
  13 orcs
  4 bats
  6 giant cockroaches
  9 goblins
  11 hobgoblins
  3 quokkas
  A ball python skeleton (D:4)
  A giant gecko skeleton (D:4)
  3 giant newts (D:1)
  2 jackals (D:1)
  A jackal skeleton (D:4)
  7 kobolds
  9 rats
  A plant (D:5)
99 creatures vanquished.

Notes
Turn   | Place    | Note
--------------------------------------------------------------
     0 | D:1      | septik the Gargoyle Fighter began the quest for the Orb.
     0 | D:1      | Reached XP level 1. HP: 14/14 MP: 1/1
   276 | D:1      | Reached XP level 2. HP: 12/19 MP: 2/2
   703 | D:1      | Reached XP level 3. HP: 16/23 MP: 3/3
  1417 | D:2      | Reached XP level 4. HP: 25/29 MP: 4/4
  1924 | D:3      | Reached skill level 4 in Fighting
  2414 | D:3      | Found a sparkling altar of Nemelex Xobeh.
  2466 | D:3      | Found a white marble altar of Elyvilon.
  2475 | D:3      | Reached XP level 5. HP: 30/33 MP: 5/5
  2952 | D:4      | Noticed a sky beast
  2960 | D:4      | Killed a sky beast
  2960 | D:4      | Reached XP level 6. HP: 34/39 MP: 6/6
  2964 | D:4      | Gained mutation: You have large cloven feet. [mutagenic meat]
  2965 | D:4      | Gained mutation: Your mind is acute. (Int +2) [mutagenic meat]
  2990 | D:4      | Found Cimeet's Book Emporium.
  3055 | D:4      | Noticed Blork the orc
  3065 | D:5      | Entered Level 5 of the Dungeon
  3145 | D:4      | Killed Blork the orc
  3427 | D:4      | Noticed an ogre
  3437 | D:4      | Killed an ogre
  3654 | D:4      | Found a burning altar of Makhleb.
  3660 | D:4      | Became a worshipper of Makhleb the Destroyer
  3680 | D:4      | Reached XP level 7. HP: 37/44 MP: 7/7
  3723 | D:4      | Reached skill level 5 in Maces & Flails
  3842 | D:4      | Noticed an orc warrior
  3858 | D:4      | Killed an orc warrior
  3858 | D:4      | Reached skill level 5 in Fighting
  3858 | D:4      | Reached skill level 5 in Shields
  4076 | D:4      | Reached skill level 5 in Armour
  4535 | D:5      | Found a radiant altar of Vehumet.
  4535 | D:5      | Found a deep blue altar of Sif Muna.
  4536 | D:5      | Found a basalt altar of Yredelemnul.
  4608 | D:5      | Reached * piety under Makhleb
  4636 | D:5      | Mangled by an ice beast

Action                   |  1- 3 |  4- 6 |  7- 9 || total
-------------------------+-------+-------+-------++-------
Melee: Flail             |   131 |   144 |    85 ||   360
  Use: Scroll            |       |     5 |       ||     5
  Eat: Chunk             |     2 |     7 |     3 ||    12
       Pizza             |       |     1 |       ||     1
